 Dungeon Crawl Stone Soup version 0.17-a0-2093-gc772f4b (webtiles) character file.

105 brucemayne the Chopper (level 4, -1/39 HPs)
             Began as a Hill Orc Berserker on Oct 16, 2015.
             Was a Follower of Trog.
             Slain by a worker ant (2 damage)
             ... on level 5 of the Dungeon.
             The game lasted 00:02:19 (493 turns).

brucemayne the Chopper (Hill Orc Berserker)          Turns: 493, Time: 00:02:19

Health: -1/39      AC:  3    Str: 25    XL:     4   Next: 81%
Magic:  4/4        EV: 11    Int:  7    God:    Trog [*.....]
Gold:   52         SH:  0    Dex: 10    Spells: 0 memorised, 3 levels left

rFire  . . .     SeeInvis .     a - +0 hand axe
rCold  . . .     Clarity  .     f - +0 leather armour
rNeg   . . .     SustAt   +     (no shield)
rPois  .         Gourm    .     (no helmet)
rElec  .         Spirit   .     (no cloak)
rCorr  .         Warding  .     (no gloves)
rMut   .         Stasis   .     (no boots)
MR     .....                    (no amulet)
Stlth  +.........               (no ring)
                                h - ring of sustain attributes

@: mighty, lethally poisoned (-1 -> -7), exhausted, slowed, very slow, not
resistant to hostile enchantments, very unstealthy
A: no striking features
a: Burn Spellbooks, Berserk, Renounce Religion


You were on level 5 of the Dungeon.
You worshipped Trog.
Trog was aware of your devotion.
You were not hungry.

You visited 1 branch of the dungeon, and saw 4 of its levels.

You collected 52 gold pieces.

Inventory:

Hand Weapons
 a - a +0 hand axe (weapon)
Missiles
 e - 7 poisoned needles
Armour
 b - a +0 animal skin
 f - a +0 leather armour (worn)
Jewellery
 h - a ring of sustain attributes (left hand)
Scrolls
 g - a scroll of noise {unknown}
 i - a scroll of amnesia {unknown}
 k - 3 scrolls of identify {unknown}
Potions
 l - a potion of curing {unknown}
Comestibles
 c - a bread ration
 j - a meat ration


   Skills:
 - Level 3.6 Fighting
 + Level 7.1 Axes
 - Level 2.1 Armour
 - Level 1.5 Dodging


You had 3 spell levels left.
You didn't know any spells.

Dungeon Overview and Level Annotations

Branches:
Dungeon (5/15)
 Temple: D:4-7

Altars:
Xom

Annotations:
D:5 Eustachio


Message History

A worker ant comes into view.
You feel sick.
The worker ant twitches its antennae in your direction.
The hound skeleton bites you. The hound skeleton barely misses you.
The gnoll hits you from afar with a spear.
You feel sick. The worker ant bites you.
* * * LOW HITPOINT WARNING * * *
The worker ant bites you.
* * * LOW HITPOINT WARNING * * *
You are lethally poisoned!
The worker ant poisons you! The hound skeleton bites you.
* * * LOW HITPOINT WARNING * * *
Found 6 gold pieces.
Drink which item? (? for menu, Esc to quit)
It was a potion of might.
You feel very mighty all of a sudden.
* * * LOW HITPOINT WARNING * * *
You feel sick. The gnoll hits you but does no damage. The worker ant bites you.
You die...

..$.#....# ........#
.......# ......#
..... .......... #...
#......... #.a#
#Y@....... #@#
#......... #Z##
#g.g...... .#####gl#
#.?....... .......g##
#.l....... .........#
#.........
........g###.........
.#######.@..g........
#.###......... #..
#.........


You could see Eustachio, a worker ant, 3 gnolls, a giant gecko and a hound
skeleton.

Vanquished Creatures
  A scorpion (D:5)
  A hound skeleton (D:5)
  3 adders (D:2)
  A giant gecko (D:2)
  A giant cockroach (D:2)
  2 goblins (D:2)
  A hobgoblin (D:2)
  2 kobolds (D:3)
  A giant gecko zombie (D:5)
  5 rats
18 creatures vanquished.

Notes
Turn   | Place    | Note
--------------------------------------------------------------
     0 | D:1      | brucemayne the Hill Orc Berserker began the quest for the Orb.
     0 | D:1      | Reached XP level 1. HP: 19/19 MP: 1/1
    57 | D:2      | Reached XP level 2. HP: 25/26 MP: 2/2
   131 | D:2      | Reached skill level 5 in Axes
   159 | D:2      | Reached XP level 3. HP: 29/31 MP: 3/3
   286 | D:3      | Found a shimmering altar of Xom.
   468 | D:3      | You fall through a shaft for 2 floors!
   468 | D:5      | Entered Level 5 of the Dungeon
   468 | D:5      | Noticed a scorpion
   479 | D:5      | Killed a scorpion
   479 | D:5      | Reached skill level 6 in Axes
   479 | D:5      | Reached XP level 4. HP: 39/39 MP: 4/4
   481 | D:5      | Noticed Eustachio
   482 | D:5      | Noticed an ice beast
   482 | D:5      | Reached skill level 7 in Axes
   493 | D:5      | HP: 1/39 [poisoned by a worker ant]
   493 | D:5      | Slain by a worker ant

Vault maps used:
D:1:      elethiomel_arrival_shortcut
D:2:      uniq_jessica
D:3:      overflow_temple_1_default, first_bread, solitary_fountain
D:5:      minivault_24, uniq_eustachio, uniq_duvessa

Action                   |  1- 3 |  4- 6 || total
-------------------------+-------+-------++-------
Melee: Hand axe          |    44 |     3 ||    47
Invok: Berserk           |     3 |       ||     3
  Use: Potion            |       |     1 ||     1
  Eat: Pizza             |       |     1 ||     1
